 Dungeon Crawl Stone Soup version 0.21-a0-582-g1b93aee (webtiles) character file.

247 teukkam the Ducker (level 6, 0/50 HPs)
             Began as a Gnoll Wanderer on Dec 19, 2017.
             Was an Initiate of Ru.
             Slain by sithsevirus's ghost (8 damage)
             ... on level 5 of the Dungeon.
             The game lasted 00:10:52 (2588 turns).

teukkam the Ducker (Gnoll Wanderer)                 Turns: 2588, Time: 00:10:54

Health: 0/50       AC:  3    Str: 15    XL:     6   Next: 11%
Magic:  8/8        EV: 17    Int: 12    God:    Ru [......]
Gold:   164        SH:  0    Dex: 20    Spells: 8/8 levels left

rFire    . . .     SeeInvis .   a - +0 short sword
rCold    . . .     Gourm    .   (no shield)
rNeg     . . .     Faith    .   c - +0 leather armour
rPois    +         Spirit   .   (no helmet)
rElec    .         Reflect  .   (no cloak)
rCorr    .         Harm     .   (no gloves)
MR       .....                  (no boots)
Stlth    ++........             (no amulet)
HPRegen  0.16/turn              g - ring of flight
MPRegen  0.11/turn              (no ring)

@: no status effects
A: distributed training, fangs 1, agile 1, sense surroundings 1, poison
resistance, strong nose
a: Renounce Religion, Evoke Flight


You were on level 5 of the Dungeon.
You worshipped Ru.
Ru was noncommittal.
You were not hungry.

You visited 2 branches of the dungeon, and saw 7 of its levels.

You collected 164 gold pieces.

Inventory:

Hand Weapons
 a - a +0 short sword (weapon)
Missiles
 b - a throwing net (quivered)
 d - 2 javelins of penetration
 k - 5 poisoned needles
Armour
 c - a +0 leather armour (worn)
Jewellery
 g - a ring of flight (left hand)
Scrolls
 i - a scroll of fog
 m - a scroll of identify
Potions
 e - 3 potions of cancellation
Comestibles
 f - 3 rations


   Skills:
 + Level 4.9 Fighting
 + Level 6.7 Short Blades
 + Level 1.7 Long Blades
 + Level 1.7 Axes
 + Level 1.7 Maces & Flails
 + Level 1.7 Polearms
 + Level 1.7 Staves
 + Level 1.7 Slings
 + Level 1.7 Bows
 + Level 1.7 Crossbows
 + Level 3.1 Throwing
 + Level 1.7 Armour
 + Level 6.7 Dodging
 + Level 2.9 Stealth
 + Level 1.7 Shields
 + Level 1.7 Unarmed Combat
 + Level 1.7 Spellcasting
 + Level 1.3 Conjurations
 + Level 1.3 Hexes
 + Level 1.3 Charms
 + Level 1.3 Summonings
 + Level 1.3 Necromancy
 + Level 1.3 Translocations
 + Level 1.3 Transmutations
 + Level 1.3 Fire Magic
 + Level 1.3 Ice Magic
 + Level 1.3 Air Magic
 + Level 1.3 Earth Magic
 + Level 1.3 Poison Magic
 + Level 2.0 Invocations
 + Level 1.7 Evocations


You had 8 spell levels left.
You didn't know any spells.

Dungeon Overview and Level Annotations

Branches:
Dungeon (6/15)             Temple (1/1) D:4

Altars:
Ashenzari
Cheibriados
Dithmenos
Elyvilon
Fedhas
Gozag
Hepliaklqana
Kikubaaqudgha
Nemelex Xobeh
Okawaru
Qazlal
Ru
Sif Muna
Trog
Uskayaw
Vehumet
Yredelemnul
The Shining One

Annotations:
D:2 Natasha, Robin
D:5 sithsevirus's ghost, amateur OpFi


Innate Abilities, Weirdness & Mutations

Your experience applies equally to all skills.
You have very sharp teeth.
Your uncanny sense of smell can sniff out nearby items.
You are agile. (Dex +2)
You passively map a small area around you.
Your system is resistant to poisons. (rPois)


Message History

Sithsevirus's ghost is moderately damaged.
You barely miss sithsevirus's ghost.
Sithsevirus's ghost is moderately damaged.
Sithsevirus's ghost hits you.
You hit sithsevirus's ghost but do no damage.
Sithsevirus's ghost is moderately damaged.
Sithsevirus's ghost hits you but does no damage.
You barely miss sithsevirus's ghost.
Sithsevirus's ghost is moderately damaged.
Sithsevirus's ghost barely misses you.
You hit sithsevirus's ghost but do no damage.
Sithsevirus's ghost is moderately damaged.
You closely miss sithsevirus's ghost.
Sithsevirus's ghost is moderately damaged.
Sithsevirus's ghost hits you!
* * * LOW HITPOINT WARNING * * *
You hit sithsevirus's ghost.
Sithsevirus's ghost is moderately damaged.
Sithsevirus's ghost hits you!
You die...

#.......##.######
*
*#####.......##.##
#. ,
..............>#
#. , *
##.#.......##.##
## #..........##.#
# #....########.#
# * #......# #.# #
#...##.# #.# # ,,
* #..@# .# * #.# #
, ∆ #...W......
(.# # .....S *, *
##.#.#.#### * #
..... #.*.# # #
$..$. #. .# * #
... ,* #.*.# * #
... * #. .# * #
#.#* * #. .# #
#.## * * #


You could see sithsevirus's ghost.

Vanquished Creatures
  Blork the orc (D:4)
  Jessica (D:2)
  An iguana (D:5)
  A worker ant (D:4)
  6 adders
  An adder skeleton (D:4)
  A ball python (D:5)
  6 bats
  4 giant cockroaches
  6 goblins
  8 hobgoblins
  4 jackals
  A quokka (D:4)
  A frilled lizard (D:1)
  3 kobolds
  5 rats
50 creatures vanquished.

Notes
Turn   | Place    | Note
-------+----------+-------------------------------------------
     0 | D:1      | teukkam the Gnoll Wanderer began the quest for the Orb.
     0 | D:1      | teukkam set off with: a +0 leather armour, 3 throwing nets, a +0 short sword, a potion of curing, a ration
     0 | D:1      | Reached XP level 1. HP: 20/20 MP: 1/1
   127 | D:1      | Reached XP level 2. HP: 23/26 MP: 2/2
   538 | D:2      | Found a stormy altar of Qazlal.
   553 | D:2      | Noticed Jessica
   556 | D:2      | Gained mutation: You passively map a small area around you. [potion of mutation]
   556 | D:2      | Gained mutation: You are agile. (Dex +2) [potion of mutation]
   556 | D:2      | Gained mutation: Your system is resistant to poisons. (rPois) [potion of mutation]
   576 | D:2      | Reached XP level 3. HP: 27/31 MP: 3/3
   588 | D:2      | Killed Jessica
   588 | D:2      | Reached skill level 1 in Long Blades
   588 | D:2      | Reached skill level 1 in Axes
   588 | D:2      | Reached skill level 1 in Maces & Flails
   588 | D:2      | Reached skill level 1 in Polearms
   588 | D:2      | Reached skill level 1 in Staves
   588 | D:2      | Reached skill level 1 in Slings
   588 | D:2      | Reached skill level 1 in Bows
   588 | D:2      | Reached skill level 1 in Crossbows
   588 | D:2      | Reached skill level 1 in Armour
   588 | D:2      | Reached skill level 1 in Shields
   588 | D:2      | Reached skill level 1 in Unarmed Combat
   588 | D:2      | Reached skill level 1 in Spellcasting
   588 | D:2      | Reached skill level 1 in Invocations
   588 | D:2      | Reached skill level 1 in Evocations
   588 | D:2      | Reached XP level 4. HP: 23/38 MP: 3/5
   611 | D:2      | Noticed Robin
  1012 | D:2      | Noticed Natasha
  1252 | D:4      | Reached skill level 1 in Conjurations
  1252 | D:4      | Reached skill level 1 in Hexes
  1252 | D:4      | Reached skill level 1 in Charms
  1252 | D:4      | Reached skill level 1 in Summonings
  1252 | D:4      | Reached skill level 1 in Necromancy
  1252 | D:4      | Reached skill level 1 in Translocations
  1252 | D:4      | Reached skill level 1 in Transmutations
  1252 | D:4      | Reached skill level 1 in Fire Magic
  1252 | D:4      | Reached skill level 1 in Ice Magic
  1252 | D:4      | Reached skill level 1 in Air Magic
  1252 | D:4      | Reached skill level 1 in Earth Magic
  1252 | D:4      | Reached skill level 1 in Poison Magic
  1425 | D:5      | Entered Level 5 of the Dungeon
  1442 | D:4      | Noticed Blork the orc
  1503 | D:5      | Found a blossoming altar of Fedhas.
  1560 | D:5      | Noticed sithsevirus's ghost (amateur OpFi)
  1635 | D:4      | Killed Blork the orc
  1635 | D:4      | Reached XP level 5. HP: 24/43 MP: 5/7
  1774 | D:4      | Found a staircase to the Ecumenical Temple.
  1803 | Temple   | Entered the Ecumenical Temple
  2042 | Temple   | Became a worshipper of Ru the Awakened
  2272 | D:5      | Reached XP level 6. HP: 12/50 MP: 8/8
  2559 | D:6      | Noticed an ice beast
  2559 | D:6      | Noticed a phantom
  2588 | D:5      | Slain by sithsevirus's ghost

Vault maps used:
D:1:      dpeg_arrival_leaves_temple_mockup, minmay_misc_feat_roman
D:2:      nicolae_qazlal_general_emergency, uniq_jessica, uniq_natasha,
          uniq_robin, uniq_crazy_yiuf_cottage
D:3:      marbit_many_paths, kennysheep_boxes
D:4:      minmay_temple_entry_mist, first_ration, kennysheep_dice,
          uniq_blork_the_orc
D:5:      fedhas_altar_2
D:6:      bloody_makhleb, serial_shops, nicolae_shop_overgrown_old_shop,
          uniq_eustachio, uniq_grinder
Temple:   dpeg_five_rooms_temple

Skill      XL: |  1  2  3  4  5 |
---------------+----------------+-----
Long Blades    | 1 |  1.7
Axes           | 1 |  1.7
Maces & Flails | 1 |  1.7
Polearms       | 1 |  1.7
Staves         | 1 |  1.7
Slings         | 1 |  1.7
Bows           | 1 |  1.7
Crossbows      | 1 |  1.7
Armour         | 1 |  1.7
Shields        | 1 |  1.7
Unarmed Combat | 1 |  1.7
Spellcasting   | 1 |  1.7
Invocations    | 1 2 |  2.0
Evocations     | 1 |  1.7
Conjurations   | 1 |  1.3
Hexes          | 1 |  1.3
Charms         | 1 |  1.3
Summonings     | 1 |  1.3
Necromancy     | 1 |  1.3
Translocations | 1 |  1.3
Transmutations | 1 |  1.3
Fire Magic     | 1 |  1.3
Ice Magic      | 1 |  1.3
Air Magic      | 1 |  1.3
Earth Magic    | 1 |  1.3
Poison Magic   | 1 |  1.3
Throwing       | 3 |  3.1
Fighting       | |  4.9
Short Blades   | |  6.7
Dodging        | |  6.7
Stealth        | |  2.9

Action                   |  1- 3 |  4- 6 || total
-------------------------+-------+-------++-------
Melee: Short sword       |    72 |   152 ||   224
       Bite              |    10 |    15 ||    25
       Unarmed           |       |     1 ||     1
Throw: Throwing net      |       |     2 ||     2
  Use: Scroll            |     1 |     5 ||     6
       Potion            |     1 |     3 ||     4
 Stab: Sleeping          |       |     2 ||     2
  Eat: Chunk             |       |     2 ||     2
       Ration            |       |     1 ||     1
Armor: Leather armour    |    16 |    19 ||    35
Dodge: Dodged            |    67 |   117 ||   184

Table legend:
 A = Spawn XP
 B = Non-spawn XP
 C = Spawn XP percentage of total XP
 D = Spawn monster count
 E = Non-spawn monster count
 F = Spawn count percentage of total count
 G = Total turns spent on level
                    A         B        C        D         E        F      G
               +---------+---------+-------+---------+---------+-------+---------
         Total |       0 |     353 |   0.0 |       0 |      50 |   0.0 |  2588
               +---------+---------+-------+---------+---------+-------+---------
           D:1 |       0 |      22 |   0.0 |       0 |      15 |   0.0 |   938
           D:2 |       0 |      91 |   0.0 |       0 |      18 |   0.0 |   134
           D:3 |       0 |       9 |   0.0 |       0 |       5 |   0.0 |   141
           D:4 |       0 |     139 |   0.0 |       0 |       5 |   0.0 |   424
           D:5 |       0 |      92 |   0.0 |       0 |       7 |   0.0 |   680
               +---------+---------+-------+---------+---------+-------+---------
